 Dungeon Crawl Stone Soup version 0.29-a0-998-g1987434951 (webtiles) character file.

Game seed: 18149292687368784979

182740 siradein the Warrior (level 17, -11/156 HPs)
             Began as a Pale Draconian Hunter on Aug 4, 2022.
             Was the Champion of Okawaru.
             Mangled by a naga warrior
             ... wielding a +0 glaive
              (36 damage)
             ... on level 4 of the Snake Pit on Aug 5, 2022.
             The game lasted 02:32:48 (42921 turns).

siradein the Warrior (Pale Draconian Hunter)       Turns: 42921, Time: 02:32:48

Health: -11/156    AC: 20    Str: 11    XL:     17   Next: 36%
Magic:  26/26      EV: 24    Int: 13    God:    Okawaru [******]
Gold:   2780       SH:  5    Dex: 26    Spells: 10/16 levels left

rFire   x . .      SeeInvis .   I - +2 arbalest (venom)
rCold   + + .      Faith    .   (shield currently unavailable)
rNeg    + + .      Spirit   .   (body armour unavailable)
rPois   +          Reflect  +   (helmet restricted)
rElec   +          Harm     .   Q - +2 cloak
rCorr   +          Rampage  .   W - +1 pair of gloves "Bakierphi" {rElec rC+ rN+}
Will    +....                   n - +1 pair of boots of Orthodoxy {rPois Regen+ rCorr Str-2 Int+6}
Stlth   ++++++....              O - amulet of reflection
HPRegen 1.16/turn               A - ring "Cenweom" {Ice rN+ Int-3 Dex+3 Slay+6}
MPRegen 0.20/turn               D - +4 ring of protection

@: no status effects
A: breathe steam, AC +9, unfitting armour, cold-blooded, steam resistance
}: 1/15 runes: decaying
a: Breathe Steam, Renounce Religion, Heroism, Finesse, Duel


You were on level 4 of the Snake Pit.
You worshipped Okawaru.
Okawaru was exalted by your worship.
You visited 6 branches of the dungeon, and saw 31 of its levels.
You also visited: Ossuary.

You collected 3581 gold pieces.
You spent 801 gold pieces at shops.

Inventory:

Hand Weapons
 H - a +3 rapier of electrocution
 I - a +2 arbalest of venom (weapon)
 L - the +7 sling of Uncertain Death {vorpal, rC+ Str+3}
   (Okawaru gifted it to you on level 3 of the Lair of Beasts)

   Any ammunition fired from it inflicts extra damage upon your enemies.
   Str:       It affects your strength (+3).
   rC:        It protects you from cold.
Missiles
 u - 6 throwing nets
Armour
 n - the +1 pair of boots of Orthodoxy (worn) {rPois Regen+ rCorr Str-2 Int+6}
   (Okawaru gifted it to you on level 4 of the Swamp)

   Str:       It affects your strength (-2).
   Int:       It affects your intelligence (+6).
   rPois:     It protects you from poison.
   Regen:     It increases your rate of health regeneration.
   rCorr:     It protects you from acid and corrosion.
 o - the +0 pair of gloves of Bawon {Fly}
   (Okawaru gifted it to you on level 1 of the Lair of Beasts)

   Fly:       It grants you flight.
 Q - a +2 cloak (worn)
 R - the +3 pair of seven-league boots {Rampage+∞}
   (Okawaru gifted it to you on level 5 of the Lair of Beasts)

   Its wearer moves as far as possible in that direction when moving towards
   enemies.
 W - the +1 pair of gloves "Bakierphi" (worn) {rElec rC+ rN+}
   (Okawaru gifted it to you on level 3 of the Snake Pit)

   rC:        It protects you from cold.
   rElec:     It insulates you from electricity.
   rN:        It protects you from negative energy.
Jewellery
 a - a ring of see invisible
 g - an amulet of guardian spirit
 q - an amulet of the acrobat
 A - the ring "Cenweom" (left hand) {Ice rN+ Int-3 Dex+3 Slay+6}
   (You bought it in a shop on level 2 of the Orcish Mines)

   [ring of ice]

   It enhances your ice magic.
   Int:       It affects your intelligence (-3).
   Dex:       It affects your dexterity (+3).
   Slay:      It affects your accuracy & damage with ranged weapons and melee
   (+6).
   rF:        It makes you vulnerable to fire.
   rC:        It protects you from cold.
   rN:        It protects you from negative energy.
 D - a +4 ring of protection (right hand)
 M - a +4 ring of evasion
 N - an amulet of magic regeneration
 O - an amulet of reflection (around neck)
 P - a ring of resist corrosion
 U - a ring of ice
Wands
 l - a wand of flame (6)
 p - a wand of paralysis (28)
 v - a wand of roots (19)
 y - a wand of mindburst (41)
 B - a wand of digging (11)
 C - a wand of acid (20)
 J - a wand of polymorph (8)
Scrolls
 b - 6 scrolls of immolation
 d - 12 scrolls of teleportation
 j - 5 scrolls of blinking
 r - 7 scrolls of fear
 s - 6 scrolls of poison
 F - 3 scrolls of fog
 G - 4 scrolls of magic mapping
 V - a scroll of amnesia
 Y - 3 scrolls of silence
 Z - 2 scrolls of identify
Potions
 c - 10 potions of haste
 e - 8 potions of heal wounds
 f - 2 potions of cancellation
 h - 4 potions of magic
 i - 12 potions of curing
 k - 6 potions of might
 m - 2 potions of invisibility
 t - 2 potions of resistance
 w - 3 potions of lignification
 x - 6 potions of brilliance
 z - 3 potions of mutation
 E - 2 potions of ambrosia
 T - 3 potions of berserk rage
Miscellaneous
 S - a condenser vane
 X - a lightning rod (4/4)


   Skills:
 + Level 15.0 Fighting
 * Level 14.3 Ranged Weapons
 + Level 12.7 Dodging
 + Level 13.7 Stealth
 + Level 11.4 Translocations
 - Level 12.0 Invocations
 + Level 6.8 Evocations


You had 10 spell levels left.
You knew the following spells:

 Your Spells              Type           Power      Damage    Failure   Level
a - Blink                 Tloc           58%        N/A       1%          2
b - Passage of Golubria   Tloc           29%        N/A       2%          4

Your spell library contained the following spells:

 Spells                   Type           Power      Damage    Failure   Level
 Gell's Gravitas          Tloc           29%        N/A       1%          3
 Lesser Beckoning         Tloc           29%        N/A       1%          3
 Teleport Other           Tloc           29%        N/A       1%          3
 Manifold Assault         Tloc           29%        N/A       8%          5
 Beastly Appendage        Tmut           0%         N/A       30%         1
 Foxfire                  Conj/Fire      0%         2x1d4     30%         1
 Magic Dart               Conj           0%         1d3       30%         1
 Necrotise                Necr           0%         1d4       30%         1
 Sandblast                Erth           0%         2d4       30%         1
 Shock                    Conj/Air       0%         1d3       30%         1
 Slow                     Hex            0%         N/A       30%         1
 Iskenderun's Mystic Bla  Conj/Tloc      14%        2d5       30%         4
 Dispersal                Tloc           14%        N/A       41%         6
 Ensorcelled Hibernation  Hex/Ice        0%         N/A       43%         2
 Passwall                 Tmut/Erth      0%         N/A       43%         2
 Poisonous Vapours        Pois/Air       0%         N/A       43%         2
 Sublimation of Blood     Necr           0%         N/A       43%         2
 Wereblood                Tmut           0%         N/A       43%         2
 Confusing Touch          Hex            0%         N/A       67%         3
 Dazzling Flash           Conj/Hex       0%         N/A       67%         3
 Inner Flame              Hex/Fire       0%         N/A       67%         3
 Mephitic Cloud           Conj/Pois/Air  0%         N/A       67%         3
 Ozocubu's Armour         Ice            0%         N/A       67%         3
 Spider Form              Tmut/Pois      0%         N/A       67%         3
 Stone Arrow              Conj/Erth      0%         3d7       67%         3
 Swiftness                Air            0%         N/A       67%         3
 Vampiric Draining        Necr           0%         2d6       67%         3
 Airstrike                Air            0%         2d(0-16)  97%         4
 Cause Fear               Hex            0%         N/A       97%         4
 Corpse Rot               Necr/Pois/Air  0%         N/A       97%         4
 Fulminant Prism          Conj/Hex       0%         3d6       97%         4
 Ice Form                 Ice/Tmut       0%         N/A       97%         4
 Agony                    Necr           0%         N/A       100%        5
 Irradiate                Conj/Tmut      0%         3d11      100%        5
 Lee's Rapid Deconstruct  Erth           0%         3d5*      100%        5
 Metabolic Englaciation   Hex/Ice        0%         N/A       100%        5
 Silence                  Hex/Air        0%         N/A       100%        5
 Yara's Violent Unravell  Hex/Tmut       0%         3d3       100%        5
 Statue Form              Tmut/Erth      0%         N/A       100%        6
 Dragon Form              Tmut           0%         N/A       100%        7
 Orb of Destruction       Conj           0%         9d5       100%        7
 Storm Form               Tmut/Air       0%         N/A       100%        7
 Discord                  Hex            0%         N/A       100%        8
 Ignition                 Fire           0%         3d3       100%        8
 Lehudib's Crystal Spear  Conj/Erth      0%         10d2      100%        8
 Call Imp                 Summ           Unusable   N/A       N/A         2
 Summon Forest            Summ/Tloc      Unusable   N/A       N/A         5
 Summon Guardian Golem    Hex/Summ       Unusable   N/A       N/A         3
 Simulacrum               Ice/Necr       Unusable   N/A       N/A         6
 Spellforged Servitor     Conj/Summ      Unusable   N/A       N/A         7
 Summon Hydra             Summ           Unusable   N/A       N/A         7
 Dragon's Call            Summ           Unusable   N/A       N/A         9

Dungeon Overview and Level Annotations

Branches:
Dungeon (15/15)            Temple (1/1) D:6            Lair (5/5) D:11
  Swamp (4/4) Lair:3        Snake (4/4) Lair:2        Slime (0/5) Lair:4
    Orc (2/2) D:12            Elf (0/3) Orc:2        Vaults (0/5) D:13
 Depths (0/4) D:15        Ossuary (visited)

Altars:
Ashenzari
Cheibriados
Dithmenos
Elyvilon
Fedhas
Gozag
Hepliaklqana
Kikubaaqudgha
Makhleb
Nemelex Xobeh
Okawaru
Qazlal
Ru
Sif Muna
Trog
Uskayaw
Vehumet
Wu Jian
Xom
Yredelemnul
Zin
The Shining One

Shops:
D:2 =   D:14 :   Orc:2 ?[=:


Innate Abilities, Weirdness & Mutations

You can breathe blasts of scalding, opaque steam.
Your pale cyan-grey scales are hard. (AC +9)
You cannot fit into any form of body armour.
You are cold-blooded and may be slowed by cold attacks.
You are immune to the effects of steam.


Message History

You kill the black mamba!
Okawaru accepts your kill.
You have got your breath back.
You feel very sick.
The guardian serpent is engulfed in a cloud of scalding steam.
The naga is engulfed in a cloud of scalding steam.
The naga hits you from afar with a +0 trident!!
The naga warrior hits you but does no damage.
The naga warrior hits you from afar with a +0 glaive!!
The naga is engulfed in a cloud of scalding steam.
The naga hits you from afar with a +0 trident!
You hear a shout!
A naga comes into view. It is wielding a +0 war axe.
You feel sick. The anaconda grabs you.
You stop ascending the stairs.
The anaconda closely misses you. The anaconda constricts you.
The guardian serpent coils itself and waves its upper body at you.
The naga warrior blinks!
The naga blinks!
The naga warrior completely misses you. You block the anaconda's attack.
The anaconda constricts you.
You block the guardian serpent's attack.
The naga hits you from afar with a +0 trident!!
* * * LOW HITPOINT WARNING * * *
Unknown command.
Unknown command.
You feel better.
The anaconda bites you but does no damage.
The anaconda constricts you. The guardian serpent hits you!
* * * LOW HITPOINT WARNING * * *
You block the naga warrior's attack. The naga barely misses you.
The naga warrior spits poison at you. The splash of poison misses you.
The splash of poison hits the anaconda but does no damage.
The anaconda is poisoned.
The anaconda closely misses you. The anaconda constricts you.
You block the naga's attack.
You escape the anaconda's grasp.
The guardian serpent casts a spell at you.
The bolt of poison misses you.
The bolt of poison hits the naga.
The naga is poisoned.
The naga warrior hits you from afar with a +0 glaive!!!
You die...

... ... . ..#
### #.. . .. ..
... .. .. ..
....... .. #.
.#.#. .# .. N§.
..
#.#.#.#S#N#.#.#
......N@S..N...
#.#.#.#N#.#.#S#
# #.N .. ####
##


You could see 2 naga warriors, an anaconda (poisoned), a guardian serpent, a
black mamba (wandering) and 4 nagas.

Vanquished Creatures
  the Lernaean hydra (Swamp:4)
  Nikola (Swamp:3)
  Rupert (Lair:3)
  Frances (D:12)
  Kirke (Lair:3)
  Roxanne (D:15)
  A fenstrider witch (Swamp:2)
  An orc warlord (Orc:1)
  Aizul (Snake:2)
  A stone giant (D:15)
  An ironbound preserver (D:13)
  An eleionoma (Swamp:3)
  4 bunyips
  Josephine (Orc:1)
  2 shambling mangroves (Swamp:3)
  Fannar (Orc:1)
  A boulder beetle (D:10)
  An ogre mage (Orc:2)
  Erolcha (Arena)
  2 ghost crabs
  20 hydras
  2 catoblepae
  A death knight (D:15)
  3 centaur warriors
  10 anacondas
  The ghost of Bl4cKSa5uke the Spear-Bearer, a journeyman TeMo of Fedhas (Orc:1)
  9 two-headed ogres
  14 alligators
  A deep troll shaman (Lair:5)
  7 naga warriors
  9 death yaks (Lair:5)
  An orc high priest (Arena)
  A spriggan berserker (Swamp:4)
  4 naga sharpshooters
  5 shock serpents
  Amaemon (Lair:3)
  3 goliath frogs
  4 spriggan druids
  A death drake (Lair:3)
  11 swamp dragons
  Lodul (D:14)
  14 bog bodies
  A lindwurm (Lair:5)
  6 naga ritualists
  An orc knight (Orc:1)
  2 phantasmal warriors
  5 cyclopes
  7 mana vipers
  8 ugly things
  10 orc sorcerers (Orc:2)
  2 will-o-the-wisps
  2 salamanders
  Maurice (Orc:1)
  3 manticores
  17 elephants (Lair:5)
  19 black mambas
  9 naga magi
  A gargoyle (D:12)
  2 guardian serpents (Snake:3)
  8 cane toads
  Maggie (Lair:2)
  An orange demon (Lair:3)
  A freezing wraith (D:15)
  A yaktaur (D:15)
  A rime drake (Lair:3)
  6 kobold demonologists
  5 komodo dragons
  3 meliai (D:13)
  3 polar bears (Lair:5)
  A bloated husk (Swamp:3)
  6 trolls
  7 tyrant leeches
  10 hornets
  5 slime creatures (D:14)
  11 dream sheep
  A vampire (D:11)
  6 spriggans
  3 wyverns
  8 wraiths
  38 yaks
  Eustachio (D:5)
  A fire elemental (Lair:2)
  A basilisk (Lair:1)
  3 hogs (Lair:3)
  4 humans (Lair:3)
  22 vampire mosquitoes
  14 swamp worms
  6 wargs
  15 water moccasins
  15 nagas
  2 acid dragons
  7 swamp drakes
  2 sky beasts (D:7)
  2 black bears
  2 ice beasts
  21 orc warriors
  The ghost of MisterAzrael the Shield-Bearer, an amateur MiFi (D:3)
  18 ogres
  9 wolves
  5 centaurs
  A phantom (D:6)
  5 kobold brigands
  11 bullfrogs
  2 gnoll sergeants
  A necrophage (D:7)
  4 scorpions
  4 wights (D:9)
  11 killer bees
  5 howler monkeys
  A centaur zombie (Ossuary)
  13 orc priests
  A hound (D:6)
  3 jellies
  A gnoll bouda (D:7)
  A human zombie (Ossuary)
  2 iguanas
  41 orc wizards
  A scorpion zombie (D:3)
  5 hell rats (Lair:5)
  2 mummies (Ossuary)
  14 gnolls
  10 adders
  15 white imps
  2 ufetubi (D:5)
  4 adder zombies
  A worm (D:2)
  2 dart slugs (D:2)
  65 orcs
  7 ball pythons
  5 endoplasms
  4 giant cockroaches
  7 goblins
  8 hobgoblins
  6 jackals
  16 kobolds
  A quokka (D:2)
  A bat (D:1)
  3 frilled lizards
  A goblin zombie (Ossuary)
  8 hobgoblin zombies (Ossuary)
  2 jackal zombies (Ossuary)
  9 kobold zombies (Ossuary)
  10 orc zombies (Ossuary)
  A quokka zombie (D:3)
  7 rats
  2 rat zombies (Ossuary)
  A butterfly (Lair:2)
848 creatures vanquished.

Vanquished Creatures (others)
  An eleionoma (Swamp:4)
  An alligator (Swamp:1)
  2 goliath frogs
  A spriggan druid (Swamp:4)
  A bloated husk (Swamp:4)
  40 fungi
  58 plants
104 creatures vanquished.

Grand Total: 952 creatures vanquished

Notes
Turn   | Place    | Note
-------+----------+-------------------------------------------
     0 | D:1      | siradein the Draconian Hunter began the quest for the Orb.
     0 | D:1      | Reached XP level 1. HP: 17/17 MP: 1/1
    21 | D:1      | Reached skill level 1 in Stealth
   229 | D:1      | Reached XP level 2. HP: 25/25 MP: 2/2
   297 | D:1      | Found a faded altar of an unknown god.
   649 | D:2      | Reached XP level 3. HP: 20/30 MP: 3/3
   873 | D:2      | Found a radiant altar of Vehumet.
  1047 | D:2      | Found Hoonlew's Jewellery Shoppe.
  1299 | D:2      | Identified the +2 ring mail of the Thistle {rCorr Int+3}
  1397 | D:3      | Reached skill level 3 in Fighting
  1547 | D:3      | Reached XP level 4. HP: 38/38 MP: 4/4
  1665 | D:3      | Found a runed translucent door.
  1668 | D:3      | Noticed MisterAzrael's ghost (amateur MiFi)
  1726 | D:3      | Found a basalt altar of Yredelemnul.
  2228 | D:3      | Reached XP level 5. HP: 24/45 MP: 2/5
  2511 | D:4      | Found a sand-covered staircase.
  2516 | Ossuary  | Entered an ossuary
  2864 | Ossuary  | Reached XP level 6. HP: 35/52 MP: 6/6
  2887 | Ossuary  | Reached skill level 4 in Fighting
  3829 | D:5      | Entered Level 5 of the Dungeon
  4066 | D:5      | Noticed an ice beast
  4077 | D:5      | Killed an ice beast
  4078 | D:5      | Reached skill level 5 in Ranged Weapons
  4078 | D:5      | Your scales start taking on a pale cyan-grey colour.
  4078 | D:5      | Reached XP level 7. HP: 60/60 MP: 7/7
  4078 | D:5      | Gained mutation: You are immune to the effects of steam.
                  | [Pale Draconian growth]
  4157 | D:5      | Reached skill level 5 in Fighting
  4338 | D:5      | Noticed Eustachio
  4731 | D:5      | Killed Eustachio
  4732 | D:5      | Reached XP level 8. HP: 60/69 MP: 8/8
  4979 | D:6      | Reached skill level 5 in Stealth
  5113 | D:6      | Reached skill level 6 in Fighting
  5119 | D:6      | Reached skill level 5 in Dodging
  5132 | D:6      | Found a staircase to the Ecumenical Temple.
  5157 | D:6      | Got the Verses on the Excursion and Snow
  5160 | Temple   | Entered the Ecumenical Temple
  5467 | Temple   | Became a worshipper of Warmaster Okawaru
  6158 | D:6      | HP: 2/71 [yak (2)]
  6161 | D:6      | Reached skill level 1 in Invocations
  6175 | D:6      | Reached XP level 9. HP: 9/78 MP: 1/10
  6196 | D:6      | Reached * piety under Okawaru
  6551 | D:7      | Reached skill level 7 in Fighting
  7095 | D:7      | Reached ** piety under Okawaru
  7487 | D:8      | Identified the +3 short sword of the Final Decision
                  | {freeze, *Slow rC+ Dex+3}
  7647 | D:8      | Noticed a troll
  7674 | D:8      | Killed a troll
  7675 | D:8      | Reached XP level 10. HP: 75/88 MP: 9/13
  7811 | D:8      | Reached skill level 8 in Fighting
  7887 | D:8      | Reached *** piety under Okawaru
  8054 | D:8      | Found a glowing silver altar of Zin.
  8403 | D:9      | Reached skill level 5 in Invocations
  8661 | D:9      | Learned a level 2 spell: Blink
  8786 | D:9      | Noticed a cyclops
  8834 | D:9      | Killed a cyclops
  8834 | D:9      | Reached **** piety under Okawaru
  8835 | D:9      | Reached skill level 1 in Translocations
  9086 | D:9      | Found a white marble altar of Elyvilon.
  9524 | D:10     | Entered Level 10 of the Dungeon
  9587 | D:10     | Found an ornate altar of the Wu Jian Council.
  9653 | D:10     | Reached skill level 9 in Fighting
  9834 | D:10     | Noticed a two-headed ogre
  9843 | D:10     | Killed a two-headed ogre
  9844 | D:10     | Reached XP level 11. HP: 97/97 MP: 15/15
  9862 | D:10     | Reached ***** piety under Okawaru
  9873 | D:10     | Found an opulent altar of Gozag.
  9875 | D:10     | Found a hide-covered altar of Uskayaw.
 10115 | D:11     | Noticed a boulder beetle
 10592 | D:11     | Found a staircase to the Lair.
 11042 | D:11     | Identified the +8 whip "Wexiymepn" {flame, +Blink rPois
                  | Int+2}
 11411 | D:11     | Found a staircase to the Lair.
 12064 | Lair:1   | Entered Level 1 of the Lair of Beasts
 13032 | Lair:1   | Identified the +0 pair of gloves of Bawon {Fly} (Okawaru
                  | gifted it to you on level 1 of the Lair of Beasts)
 13032 | Lair:1   | Received a gift from Okawaru
 13051 | Lair:1   | Paralysed by a hornet for 2 turns
 13523 | Lair:2   | Identified the +2 robe of Mumblety Peg {rF+ Will+}
 13913 | Lair:2   | Noticed Maggie
 13928 | Lair:2   | Killed Maggie
 13989 | Lair:2   | Found a staircase to the Snake Pit.
 14376 | Lair:2   | Noticed a six-headed hydra
 14391 | Lair:2   | Killed a six-headed hydra
 14392 | Lair:2   | Reached skill level 10 in Fighting
 14528 | Lair:2   | Reached XP level 12. HP: 85/106 MP: 14/17
 14619 | Lair:2   | Noticed a six-headed hydra
 14632 | Lair:2   | Killed a six-headed hydra
 15551 | Lair:3   | Noticed Kirke
 15596 | Lair:3   | Reached skill level 5 in Translocations
 15604 | Lair:3   | Killed Kirke
 15604 | Lair:3   | Identified the +7 sling of Uncertain Death {vorpal, rC+
                  | Str+3} (Okawaru gifted it to you on level 3 of the Lair of
                  | Beasts)
 15604 | Lair:3   | Received a gift from Okawaru
 15780 | Lair:3   | Noticed Rupert
 15819 | Lair:3   | Killed Rupert
 16094 | Lair:3   | Found a staircase to the Swamp.
 16249 | Lair:3   | Noticed Amaemon
 16277 | Lair:3   | Killed Amaemon
 16338 | Lair:3   | Identified the +1 pair of boots of the Lizard {rPois Str+2}
                  | (Okawaru gifted it to you on level 3 of the Lair of Beasts)
 16338 | Lair:3   | Received a gift from Okawaru
 17230 | Lair:4   | Found a staircase to the Slime Pits.
 17383 | Lair:4   | Noticed a seven-headed hydra
 17394 | Lair:4   | Killed a seven-headed hydra
 17784 | Lair:4   | Learned a level 4 spell: Passage of Golubria
 18201 | Lair:5   | Entered Level 5 of the Lair of Beasts
 18202 | Lair:5   | Noticed a six-headed hydra
 18209 | Lair:5   | Killed a six-headed hydra
 18210 | Lair:5   | Reached skill level 11 in Fighting
 18225 | Lair:5   | Noticed a four-headed hydra
 18240 | Lair:5   | Killed a four-headed hydra
 18247 | Lair:5   | Reached skill level 10 in Stealth
 18470 | Lair:5   | Reached XP level 13. HP: 112/116 MP: 19/19
 18480 | Lair:5   | Reached skill level 10 in Ranged Weapons
 19996 | Lair:5   | Reached ****** piety under Okawaru
 20261 | Lair:5   | Received a gift from Okawaru
 20261 | Lair:5   | Found the +3 pair of seven-league boots {Rampage+∞}
 20264 | Lair:5   | Reached skill level 10 in Dodging
 20323 | Lair:5   | Reached skill level 10 in Invocations
 20754 | Lair:5   | Reached skill level 12 in Fighting
 21404 | D:10     | Found an ornate altar of the Wu Jian Council.
 21630 | D:10     | Found an opulent altar of Gozag.
 21632 | D:10     | Found a hide-covered altar of Uskayaw.
 21819 | D:12     | Noticed Erolcha
 21824 | Arena    | Entered the Arena
 21834 | Arena    | Killed Erolcha
 21835 | Arena    | Reached XP level 14. HP: 126/126 MP: 18/21
 22003 | D:12     | Found a staircase to the Orcish Mines.
 22250 | D:12     | Noticed Frances
 22305 | D:12     | Killed Frances
 22888 | D:12     | Found an iron altar of Okawaru.
 22996 | Orc:1    | Entered Level 1 of the Orcish Mines
 23016 | Arena    | Entered the Arena
 23050 | Orc:1    | Noticed Josephine
 23078 | Orc:1    | Killed Josephine
 23204 | Orc:1    | You fall into a shaft and drop 1 floor!
 23204 | Orc:2    | Entered Level 2 of the Orcish Mines
 23603 | Orc:2    | Found Unom Tuo's Magic Scroll Boutique.
 23611 | Orc:2    | Bought a scroll of identify for 22 gold pieces
 23611 | Orc:2    | Bought a scroll of identify for 22 gold pieces
 23611 | Orc:2    | Bought a scroll of enchant armour for 82 gold pieces
 23628 | Orc:2    | Found an ancient bone altar of Kikubaaqudgha.
 23667 | Orc:2    | Found Homerhos's Jewellery Shop.
 23673 | Orc:2    | Paralysed by an orc sorcerer for 4 turns
 23682 | Orc:2    | Paralysed by an orc sorcerer for 5 turns
 23690 | Orc:2    | Found a radiant altar of Vehumet.
 24030 | Orc:2    | Paralysed by an orc sorcerer for 5 turns
 24065 | Orc:2    | Found Zeilina's Antique Armour Shop.
 24105 | Orc:2    | Bought the ring "Cenweom" {Ice rN+ Int-3 Dex+3 Slay+6} for
                  | 675 gold pieces
 24380 | Orc:2    | Found Ikoedepa's Book Boutique.
 24460 | Orc:1    | Found a bloodstained altar of Trog.
 24586 | Orc:1    | Noticed an orc warlord
 24612 | Orc:2    | Found a staircase to the Elven Halls.
 24894 | Orc:1    | Noticed Fannar
 24894 | Orc:1    | Noticed Maurice
 25049 | Orc:1    | Killed Maurice
 25064 | Orc:1    | Killed Fannar
 25737 | Orc:1    | Killed an orc warlord
 25737 | Orc:1    | Received a gift from Okawaru
 25754 | Orc:1    | Found a transporter.
 25765 | Orc:1    | Identified the +6 giant club of Eseynn {venom, rElec rCorr
                  | Str-4 Int+5}
 25771 | Orc:1    | Noticed Bl4cKSa5uke's ghost (journeyman TeMo)
 25844 | Orc:1    | Found a transporter.
 25983 | Orc:1    | HP: 6/127 [poisoned by a two-headed ogre]
 25988 | Orc:1    | HP: 2/127 [poisoned by a two-headed ogre]
 26427 | Orc:1    | Killed Bl4cKSa5uke's ghost
 26446 | Orc:1    | Got Lozost's Verses on Incendiary Shaping
 27065 | D:13     | Noticed an ironbound preserver
 27087 | D:13     | Reached skill level 13 in Fighting
 27228 | D:13     | Killed an ironbound preserver
 27396 | D:13     | Found a gate to the Vaults.
 27522 | D:13     | Reached XP level 15. HP: 135/135 MP: 23/23
 27829 | D:14     | Upgraded the game from 0.29-a0-997-gf6f7e2dfe7 to
                  | 0.29-a0-998-g1987434951
 27841 | D:14     | Found Jimozegg's Book Shoppe.
 28443 | D:14     | Identified the +1 pair of gloves of Jetoicwy {-Tele Will++
                  | Dex+2} (Okawaru gifted it to you on level 14 of the
                  | Dungeon)
 28443 | D:14     | Received a gift from Okawaru
 28455 | D:14     | Noticed Lodul
 28460 | D:14     | Killed Lodul
 28828 | D:3      | Killed MisterAzrael's ghost
 29570 | D:14     | Found Jimozegg's Book Shoppe.
 30004 | D:15     | Entered Level 15 of the Dungeon
 30946 | D:15     | Found a staircase to the Depths.
 31012 | D:15     | Identified Roxanne's Tractate on Transformation
 31012 | D:15     | Noticed Roxanne
 31031 | D:15     | Killed Roxanne
 31239 | Snake:1  | Entered Level 1 of the Snake Pit
 31730 | Snake:1  | Reached skill level 1 in Evocations
 33884 | Snake:2  | Reached skill level 10 in Translocations
 34402 | Snake:2  | Identified the +4 hand axe "Zuvuhar" {spect, Int+3}
 34436 | Snake:2  | Noticed Aizul
 34448 | Snake:2  | Killed Aizul
 35080 | Snake:3  | Reached XP level 16. HP: 128/145 MP: 25/25
 35225 | Snake:3  | Reached skill level 14 in Fighting
 35521 | Snake:3  | Identified the +1 pair of gloves "Bakierphi" {rElec rC+
                  | rN+} (Okawaru gifted it to you on level 3 of the Snake Pit)
 35521 | Snake:3  | Received a gift from Okawaru
 35920 | Snake:3  | Identified the +12 whip of Grandeur {antimagic, *Slow Int+6
                  | Dex+5}
 36306 | Swamp:1  | Entered Level 1 of the Swamp
 37137 | Swamp:1  | Identified the +10 mace "Niosayja" {antimagic, *Rage Fly
                  | rElec}
 37185 | Swamp:1  | HP: 3/146 [vampire mosquito (7)]
 38686 | Swamp:2  | Reached skill level 5 in Evocations
 38782 | Swamp:2  | Identified the +6 quarterstaff of the Dancing Spider {elec,
                  | +Blink rElec}
 39083 | Swamp:2  | Paralysed by a fenstrider witch for 4 turns
 39528 | Swamp:3  | Identified the +0 pair of gloves of Samiz {rC+ Int-2 Dex+3}
 39528 | Swamp:3  | Noticed Nikola
 39550 | Swamp:3  | Killed Nikola
 39791 | Swamp:3  | Identified the +1 buckler of a bazaar {Rampage rN+ Int+4}
                  | (Okawaru gifted it to you on level 3 of the Swamp)
 39791 | Swamp:3  | Received a gift from Okawaru
 40854 | Swamp:4  | Entered Level 4 of the Swamp
 41370 | Swamp:3  | Reached XP level 17. HP: 133/154 MP: 26/26
 42291 | Swamp:4  | Identified the +1 pair of boots of Orthodoxy {rPois Regen+
                  | rCorr Str-2 Int+6} (Okawaru gifted it to you on level 4 of
                  | the Swamp)
 42291 | Swamp:4  | Received a gift from Okawaru
 42606 | Swamp:4  | Noticed the 27-headed Lernaean hydra
 42623 | Swamp:4  | Killed the 27-headed Lernaean hydra
 42624 | Swamp:4  | Reached skill level 15 in Fighting
 42651 | Swamp:4  | Got a decaying rune of Zot
 42913 | Snake:4  | Entered Level 4 of the Snake Pit
 42921 | Snake:4  | Mangled by a naga warrior

Illustrated notes

Levels and vault maps discovered:
D:1:      dpeg_arrival_rhombus, layout_basic,
          hellmonk_ecumenical_altar_dog_temple
D:2:      layout_basic, basic_altar, serial_shops, shop, interstate_on_off,
          dreamdust_mushroom_princess, minmay_quadrilaterals
D:3:      layout_loops_ring, nicolae_yredelemnul_corpse_copse,
          ebering_ghost_sewer_d, minmay_quantized
D:4:      layout_rooms, nicolae_ossuary_entry_plus
D:5:      layout_cave_pods, minivault_19, uniq_eustachio
D:6:      layout_loops_ring, minmay_temple_entry_mini_moons,
          hangedman_decor_riveting
D:7:      layout_basic
D:8:      layout_cave_pools, mainiacjoe_overflow_alcove_4
D:9:      layout_loops_ring, nicolae_elyvilon_temple_path, serial_bayou_pond_d,
          patterned_corridor
D:10:     layout_rooms, nicolae_overflow_hidden_temple
D:11:     layout_irregular_city, lair_entry_dummy, grunt_decor_resistance
D:12:     layout_basic, minmay_orc_entry_temple_large,
          kennysheep_okawaru_gauntlet, uniq_erolcha, uniq_frances
D:13:     layout_roguey, skrybe_vaults_entry_preservation,
          minmay_misc_feat_nine_boxes, st_stairs_14
D:14:     layout_irregular_city, nrook_mini_vaults, serial_shops,
          nicolae_square_shop, uniq_lodul
D:15:     grunt_enter_depths_giant_problem, layout_rooms,
          chequers_serial_rivers_large_b, uniq_roxanne
Temple:   minmay_temple_bridge_d
Lair:1:   layout_small_grid, dreamdust_wasp_nest, serial_bayou_shore_a
Lair:2:   layout_gridlike, chequers_serial_rivers_micro_b, grunt_megastairs_2,
          lemuel_fruit_fields, uniq_maggie
Lair:3:   layout_layer_cave, swamp_mist, lemuel_fruit_fields, uniq_rupert,
          uniq_amaemon, uniq_kirke
Lair:4:   layout_cave_pods, slime_entry_1
Lair:5:   grunt_lair_end_beastmaster, layout_hall_layers,
          chequers_serial_rivers_micro_b, lemuel_old_faithful,
          grunt_megastairs_5
Swamp:1:  layout_basic_swamp, evilmike_swamp_ruin_house_1,
          infiniplex_staircase_pool
Swamp:2:  layout_basic_swamp, hangedman_swamp_cone
Swamp:3:  layout_basic_swamp, nicolae_swamp_round_clearing, swamp_pool4,
          uniq_nikola
Swamp:4:  grunt_swamp_rune_castle, layout_basic_swamp, swamp_pool1
Snake:1:  layout_layer_cave
Snake:2:  layout_grid_shapes, nicolae_integral_box, uniq_aizul
Snake:3:  layout_onion
Snake:4:  johnstein_snake_rune_scales, layout_cave_town, st_stairs_13,
          nicolae_triple_integral, uniq_bai_suzhen
Orc:1:    layout_caves, basic_altar, portal_ice_cave_entry_imps,
          gammafunk_ghost_smash, uniq_fannar, uniq_josephine, uniq_maurice
Orc:2:    kennysheep_orc_mage_school, layout_caves, basic_altar

Skill      XL: |  1  2  3  4  5  6  7  8  9 10 11 12 13 14 15 16 17 |
---------------+----------------------------------------------------+-----
Stealth        | 1 2 3 4 5 6 8 9 10 11 12 13 | 13.7
Dodging        | 2 3 4 5 6 7 8 9 10 11 12 | 12.7
Ranged Weapons | 4 5 6 7 8 9 10 11 12 13 14 | 14.3
Fighting       | 3 4 5 6 7 9 10 11 12 13 14 15 | 15.0
Invocations    | 1 4 6 7 9 10 11 12 | 12.0
Translocations | 2 4 6 7 9 10 11 | 11.4
Evocations     | 3 6 |  6.8

Action                   |  1- 3 |  4- 6 |  7- 9 | 10-12 | 13-15 | 16-18 || total
-------------------------+-------+-------+-------+-------+-------+-------++-------
 Fire: Shortbow          |   115 |   333 |   272 |   579 |       |       ||  1299
       Sling             |       |       |       |   189 |   598 |       ||   787
       Arbalest          |       |       |       |       |   667 |   551 ||  1218
       Longbow           |       |       |       |       |    30 |       ||    30
 Cast: Blink             |       |       |       |     7 |    79 |    36 ||   122
       Passage of Golubr |       |       |       |       |     4 |       ||     4
Invok: Heroism           |       |       |       |    11 |    25 |    11 ||    47
       Finesse           |       |       |       |     3 |     4 |     1 ||     8
       Duel              |       |       |       |       |     2 |       ||     2
 Abil: Breathe Steam     |       |       |    33 |    67 |   156 |    55 ||   311
Evoke: Condenser vane    |       |       |       |       |     1 |       ||     1
       Wand              |       |       |       |       |       |     2 ||     2
  Use: Scroll            |     3 |     3 |     6 |     9 |    11 |     9 ||    41
       Potion            |       |       |     1 |     1 |     2 |     2 ||     6
Armor: Skin              |    19 |    71 |    64 |   178 |   230 |   171 ||   733
Dodge: Dodged            |    30 |   185 |   114 |   483 |   912 |   631 ||  2355
Block: Other             |       |       |       |       |       |     5 ||     5

Table legend: (Time is in decaauts)
 A = Elapsed time spent in this place.
 B = Non-inter-level travel time spent in this place.
 C = Inter-level travel time spent in this place.
 D = Time resting spent in this place.
 E = Time spent auto-exploring this place.
 F = Levels seen in this place.
 G = Mean time per level.
                   A        B        C        D        E       F      G
               +--------+--------+--------+--------+--------+-----+--------+
         Total |  43463 |  40696 |   2767 |   4785 |  28796 |  34 | 1278.3 |
       Dungeon |  18470 |  17106 |   1364 |   1131 |  13095 |  15 | 1231.3 |
        Temple |    381 |    234 |    147 |      0 |    214 |   1 |  381.0 |
          Lair |  10465 |   9818 |    647 |   1163 |   7056 |   5 | 2093.0 |
         Swamp |   4876 |   4625 |    251 |   1354 |   2315 |   4 | 1219.0 |
     Snake Pit |   5102 |   4997 |    105 |    481 |   3797 |   4 | 1275.5 |
  Orcish Mines |   3518 |   3266 |    252 |    655 |   1959 |   2 | 1759.0 |
       Ossuary |    597 |    597 |      0 |      0 |    345 |   1 |  597.0 |
         Arena |     49 |     49 |      0 |      0 |     15 |   2 |   24.5 |
               +--------+--------+--------+--------+--------+-----+--------+

Top non-repeatable levels by time:
  Lair:3: 3476 daAuts
  Lair:5: 2667 daAuts
    D:11: 2404 daAuts
 Swamp:3: 2389 daAuts
 Snake:1: 2220 daAuts
    D:14: 2216 daAuts
  Lair:2: 1824 daAuts
   Orc:2: 1815 daAuts
   Orc:1: 1703 daAuts
 Snake:2: 1550 daAuts
     D:6: 1492 daAuts
  Lair:1: 1438 daAuts
    D:13: 1349 daAuts
    D:12: 1339 daAuts
 Swamp:2: 1334 daAuts
